 Dungeon Crawl Stone Soup version 0.30-b1-2-g02819fbbbe (webtiles) character file.

Game seed: 5814028337909093406

39 Ashen the Caller (level 3, 0/35 HPs)
             Began as an Ogre Summoner on Aug 23, 2023.
             Succumbed to an adder's poison
             ... on level 2 of the Dungeon.
             The game lasted 00:06:06 (1690 turns).

Ashen the Caller (Ogre Summoner)                    Turns: 1690, Time: 00:06:07

Health: 0/35       AC:  3    Str: 12    XL:     3   Next: 45%
Magic:  5/7        EV: 10    Int: 18    God:
Gold:   48         SH:  0    Dex:  9    Spells: 5/8 levels left

rFire   . . .        (no weapon)
rCold   . . .        (no shield)
rNeg    . . .        a - +0 robe
rPois   .            (helmet restricted)
rElec   .            (no cloak)
rCorr   .            (gloves unavailable)
SInv    .            (boots unavailable)
Will    .....        (no amulet)
Stlth   +            (no ring)
HPRegen 0.25/turn    (no ring)
MPRegen 0.10/turn

%: no passive effects
@: lethally poisoned (0 -> -7), flying, hasted, very quick
A: large, unfitting armour, tough skin 1
a: no special abilities


You were on level 2 of the Dungeon.
You visited 1 branch of the dungeon, and saw 2 of its levels.

You collected 48 gold pieces.

Inventory:

Armour
 a - a +0 robe (worn)
Scrolls
 c - 2 scrolls of brand weapon {unknown}
 f - 2 scrolls of identify {unknown}
 h - a scroll of amnesia {unknown}
 i - 2 scrolls of noise {unknown}
Potions
 b - a potion of magic
 d - 2 potions of haste
 g - a potion of curing {unknown}


   Skills:
 + Level 1.7 Fighting
 + Level 2.2 Dodging
 - Level 1.4 Stealth
 + Level 3.0 Spellcasting
 + Level 3.9 Summonings


You had 5 spell levels left.
You knew the following spells:

 Your Spells              Type           Power      Damage    Failure   Level
a - Summon Small Mammal   Summ           64%        N/A       3%          1
b - Call Imp              Summ           32%        N/A       4%          2

Your spell library contained the following spells:

 Spells                   Type           Power      Damage    Failure   Level
 Call Canine Familiar     Summ           16%        N/A       10%         3
 Summon Guardian Golem    Hex/Summ       9%         N/A       22%         3
 Summon Lightning Spire   Summ/Air       9%         N/A       58%         4


Dungeon Overview and Level Annotations

Branches:
Dungeon (2/15)

Altars:


Innate Abilities, Weirdness & Mutations

You are too large for most types of armour.
You have tough skin. (AC +1)


Message History

You feel very sick.
Your bat barely misses the adder.
The adder closely misses you.
Your cerulean imp barely misses the adder.
You closely miss the adder.
The adder is heavily wounded.
You feel very sick.
Your bat closely misses the adder.
The adder barely misses you.
Your cerulean imp hits the adder but does no damage.
You feel sick.
Your bat misses the adder. The adder misses your bat.
You closely miss the adder.
The adder is heavily wounded.
You feel sick.
Your bat hits the adder but does no damage.
The adder bites you.
Your cerulean imp misses the adder.
Unknown command.
The adder attacks as you move away! The adder bites you.
* * * LOW HITPOINT WARNING * * *
x2 You feel sick.
Your bat barely misses the adder.
The adder bites your bat but does no damage.
Your cerulean imp barely misses the adder.
Your bat barely misses the adder.
A gnoll comes into view. It is wielding a +0 whip.
* * * LOW HITPOINT WARNING * * *
You feel sick.
Your bat hits the adder but does no damage.
The adder bites you.
* * * LOW HITPOINT WARNING * * *
You are more poisoned.
The adder poisons you!
Your bat closely misses the adder.
It was a potion of haste.
You feel yourself speed up.
* * * LOW HITPOINT WARNING * * *
You feel very sick.
The gnoll shouts!
Your bat closely misses the adder.
Your cerulean imp closely misses the adder.
The adder barely misses you.
It was a potion of flight.
You feel very buoyant.
You fly up into the air.
You die...

.... ...=...
#.......##.......
#.....#..#....... .
##.....##........?..
.###......##?.........
.....#....##.5#####.#
....)#....##..##.....
#......#...S..#
###...†..#..@####.
#....)....b.........
.....###.##<.....######
##...###.###..##.....
###.........## .....
#.....##..## #..##
#.....# ##.# ..# #..##.
#..# #.# #( #. .....


You could see an adder (ally target), a friendly cerulean imp (summoned) and a
friendly bat (summoned).

Vanquished Creatures
  2 bats (D:1)
  3 endoplasms (D:1)
  2 goblins (D:1)
  3 hobgoblins (D:1)
  2 frilled lizards (D:1)
  4 rats (D:1)
16 creatures vanquished.

Vanquished Creatures (collateral kills)
  An adder (D:2)
  An endoplasm (D:1)
  A goblin (D:2)
  3 jackals (D:1)
  2 kobolds
  A quokka (D:1)
  A bat (D:1)
  2 rats (D:1)
12 creatures vanquished.

Grand Total: 28 creatures vanquished

Notes
Turn   | Place    | Note
-------+----------+-------------------------------------------
     0 | D:1      | Ashen the Ogre Summoner began the quest for the Orb.
     0 | D:1      | Reached XP level 1. HP: 16/16 MP: 3/3
   337 | D:1      | Reached XP level 2. HP: 16/26 MP: 3/5
   506 | D:1      | Reached skill level 1 in Fighting
   850 | D:1      | Learned a level 2 spell: Call Imp
  1181 | D:1      | Reached XP level 3. HP: 27/33 MP: 4/7
  1689 | D:2      | HP: 1/35 [poisoned by an adder]
  1690 | D:2      | Succumbed to an adder's poison

Illustrated notes

Levels and vault maps discovered:
D:1:      minmay_arrival_widening_spiral_narrow, layout_basic,
          hangedman_decor_growths
D:2:      layout_rooms, basic_altar, minmay_randomly_rotated_circles

Skill      XL: |  1  2  3 |
---------------+----------+-----
Dodging        | 2 |  2.2
Fighting       | 1 |  1.7
Spellcasting   | 3 |  3.0
Stealth        | |  1.4
Summonings     | |  3.9

Action                     || total
---------------------------++-------
  Melee: Unarmed           ||   116
   Cast: Summon Small Mamm ||    16
         Call Imp          ||     8
    Use: Potion            ||     2
   Stab: Sleeping          ||     5
         Distracted        ||     1
 Armour: Robe              ||    36
  Dodge: Dodged            ||    83
